Zazza, neutral female human Tourist -----.------ -....._....- |........fa| |(.......@.. ---------.-- Zazza the Sightseer Experience level: 3 Strength: 16 Dexterity: 12 Constitution: 14 Intelligence: 11 Wisdom: 9 Charisma: 16 Health: 0(19) Energy: 10(10) Def: 1 Gold: 0 Moves: 1992 Dungeon seed: Thr0k-SKoPw9q2uu Game ID: Zazza_1535379540 Your Inventory: Weapons a - 39 +2 darts q - 17 +0 darts Armor e - an uncursed +0 Hawaiian shirt (being worn) N - an uncursed +0 pair of jumping boots (being worn) Comestibles b - 9 uncursed food rations c - an uncursed cream pie d - 3 uncursed tripe rations f - 2 uncursed cloves of garlic J - an uncursed lichen corpse Scrolls i - 3 uncursed scrolls of magic mapping s - an uncursed scroll of genocide Spellbooks x - an uncursed spellbook of wizard lock Potions h - 2 uncursed potions of extra healing z - an uncursed potion of water B - a blessed potion of object detection G - a cursed potion of gain ability H - a potion of unholy water Rings K - a cursed ring of invisibility Wands o - a wand of teleportation (0:6) Tools j - an uncursed credit card k - an uncursed skeleton key l - an uncursed leash n - an uncursed oil lamp (0:1430) A - an expensive camera (0:32) F - a magic marker (0:47) Gems r - 2 uncursed worthless pieces of blue glass y - an uncursed worthless piece of green glass Spells and supernatural/magical abilities: Name Level Category Fail Memory W - pray for help -- divine ? -- Y - supernatural jump -- ability ? -- Your skills at the end: Fighting Skills Weapon Skills dart [Basic] Spellcasting Skills Final Attributes: You were devoutly aligned. You could jump. You were lucky. You are dead. Vanquished creatures: a homunculus a large kobold 2 giant rats a brown mold a yellow mold a gecko 3 jackals 2 foxes a kobold a goblin 4 grid bugs 10 lichens a kobold zombie 3 newts 32 creatures vanquished. Voluntary challenges: You never hit with a wielded weapon. You read items or engraved 1 time, starting on turn 14. You never genocided any monsters. You never polymorphed an object. You never changed form. You used no wishes. You never split a pudding. You never wrote Elbereth's name. You never violated your personal moral code. Dungeon overview: The Dungeons of Doom: levels 1 to 5 Level 1 an altar to The Lady, some fountains a long staircase Level 2 a fountain Level 3 a long staircase Level 4 a scroll shop, an altar to The Lady Level 5 <- You were here an altar to The Lady History has recorded: On T:1 you entered the Dungeons of Doom to retrieve the Amulet of Yendor! On T:684 you reached level 2 of The Dungeons of Doom. On T:837 you advanced to experience level 2. On T:1157 you reached level 3 of The Dungeons of Doom. On T:1578 you reached level 4 of The Dungeons of Doom. On T:1602 you advanced to experience level 3. On T:1992 you reached level 5 of The Dungeons of Doom. Score breakdown: Gold: 0 ( 0 points) Experience: 3 levels ( 7878 points) Exploration: 5 levels ( 10.87%) ( 8944 points) Discoveries: 1 item ( 0.34%) ( 1737 points) Valuables value: (no points given unless you survive) Artifact value: 0 ( 0 points) Variety of kills: 14 monsters ( 3.67%) ( 5750 points) Turncount: 1992 turns ( 0 points) Survival: died (score multiplied by 80%) Total score: 19447 Latest messages: You displace Armand. "Aloha, Zazza! Welcome again to Kilgarvan's second-hand bookstore!" You see here a scroll labeled PRIRUTSENIE (133 zorkmids). You see here a scroll labeled ANDOVA BEGARIN (60 zorkmids). You see here a scroll labeled PRIRUTSENIE (133 zorkmids). You stop. Armand is in the way! 1193 zorkmids are added to your credit. You displace Armand. "Aloha, Zazza! Welcome again to Kilgarvan's second-hand bookstore!" You stop. Armand is in the way! You displace Armand. You stop. Armand is in the way! You displace Armand. You stop. Armand is in the way! You displace Armand. You displace Armand. You see here a plate mail. That door is closed. The soldier ant bites! The soldier ant stings! Armand misses the soldier ant. The soldier ant bites! You die... Final status: Aloha Zazza the Tourist, killed by a soldier ant... You died in The Dungeons of Doom on dungeon level 5 with 19447 points, and 0 pieces of gold, after 1992 moves. You were level 3 with a maximum of 19 hit points when you died.